Map: [ESL] Moondance

Players

Clem - Winner!

  • Race: Terran Terran
  • Spawn Location: 12:00

MaxPax

  • Race: Protoss Protoss
  • Spawn Location: 6:00

Event: DreamHack SC2 Masters 2022 Atlanta (Online)

VOD

Have the link to the VOD?

Description

Time

  • Played on: Oct. 14, 2022, 11:58 a.m.
  • Length: 7:09

All games in this series

Show
View Real Time Build Order
Export as new Build Order

Clem Terran - Winner!

Build Orders: Cyclone Opening 

Get SALT Encoding   

  12  0:00  SCV  
  13  0:12  SCV  
  14  0:17  Supply Depot  
  14  0:24  SCV  
  15  0:38  SCV  
  15  0:39  Barracks  
  16  0:42  Refinery  
  16  0:50  SCV  
  16  0:52  Refinery  
  17  1:02  SCV  
  18  1:11  Supply Depot  
  18  1:15  SCV  
  19  1:29  Orbital Command  
  19  1:30  Reaper  
  20  1:40  Factory  
  20  1:55  SCV  
  21  2:02  Barracks Reactor  
  21  2:07  SCV  
  22  2:17  Command Center  
  22  2:19  SCV  
  23  2:26  Factory Tech Lab  
  23  2:30  Starport  
  23  2:32  SCV  
  25  2:44  SCV  
  25  2:46  Cyclone  
  25  2:49  Supply Depot  
  25  2:51  Marine  
  28  2:54  Marine  
  28  2:57  SCV  
  31  3:10  Marine  
  31  3:11  SCV  
  31  3:12  Marine  
  34  3:23  SCV, Banshee, Cloaking Field  
  38  3:30  Marine x2  
  38  3:32  Factory Tech Lab  
  40  3:35  SCV  
  41  3:47  SCV  
  41  3:48  Supply Depot  
  42  3:52  Orbital Command  
  42  3:56  Siege Tank  
  42  3:59  SCV  
  42  4:02  Marine  
  47  4:03  Marine  
  48  4:11  Banshee  
  48  4:13  SCV  
  52  4:19  SCV  
  52  4:21  Marine x2  
  54  4:25  SCV  
  54  4:29  Supply Depot  
  54  4:31  SCV  
  56  4:32  Siege Tank  
  59  4:39  SCV, Marine x2  
  62  4:47  Supply Depot  
  62  4:50  SCV  
  62  4:51  Supply Depot, SCV  
  64  4:59  Marine  
  64  5:00  Marine  
  64  5:03  SCV  
  64  5:06  Siege Tank  
  67  5:09  Command Center  
  67  5:10  SCV  
  68  5:15  SCV  
  68  5:18  Viking  
  68  5:20  Marine x2  
  73  5:22  SCV  
  73  5:27  SCV  
  75  5:28  Barracks  
  75  5:32  Supply Depot  
  75  5:34  SCV  
  76  5:37  Refinery  
  76  5:39  SCV, Barracks  
  77  5:43  Siege Tank  
  77  5:46  Marine x2  
  82  5:50  SCV  
  82  5:51  SCV  
  82  5:56  Starport Reactor  
  84  5:57  Starport Tech Lab  
  84  6:00  Refinery  
  84  6:01  Bunker  
  84  6:02  SCV  
  84  6:03  SCV  
  84  6:04  Marine  
  86  6:05  Marine  
  81  6:13  Engineering Bay x2  
  81  6:14  SCV  
  81  6:15  SCV  
  81  6:18  Siege Tank  
  86  6:19  Marine  
  86  6:21  Marine  
  87  6:26  Viking, SCV  
  87  6:28  Marine x2  
  88  6:37  Marine  
  88  6:39  Supply Depot, Marine  
  90  6:46  Marine x2  
  86  6:56  SCV  
  88  7:03  Barracks  
Show
View Real Time Build Order
Export as new Build Order

MaxPax Protoss 

Build Orders: 1 Gate Expand, Phoenix Opening 

Get SALT Encoding   

  12  0:00  Probe  
  13  0:12  Probe  
  14  0:16  Pylon  
  14  0:24  Probe (Chrono Boost)  
  15  0:36  Probe (Chrono Boost), Gateway  
  16  0:44  Probe (Chrono Boost)  
  16  0:46  Assimilator  
  17  0:51  Probe  
  18  1:03  Probe  
  19  1:15  Probe  
  20  1:23  Cybernetics Core  
  20  1:33  Nexus  
  20  1:34  Probe  
  21  1:41  Pylon  
  21  1:47  Probe  
  21  1:49  Assimilator  
  22  1:57  Adept (Chrono Boost)  
  22  1:59  Probe  
  25  2:11  Probe  
  26  2:17  Adept (Chrono Boost)  
  28  2:23  Probe  
  28  2:26  Stargate  
  29  2:33  Shield Battery  
  29  2:35  Warp Gate, Probe (Chrono Boost)  
  30  2:46  Probe (Chrono Boost)  
  31  2:53  Probe (Chrono Boost)  
  31  2:56  Probe (Chrono Boost)  
  32  3:00  Probe (Chrono Boost)  
  32  3:01  Probe (Chrono Boost)  
  34  3:10  Phoenix (Chrono Boost)  
  34  3:12  Probe x2  
  38  3:18  Robotics Facility, Pylon  
  38  3:24  Probe  
  38  3:25  Probe  
  40  3:29  Phoenix  
  42  3:36  Probe  
  42  3:37  Probe  
  44  3:48  Probe  
  45  3:49  Probe  
  45  3:50  Gateway  
  45  3:51  Assimilator  
  45  3:53  Assimilator  
  46  3:55  Pylon  
  46  3:58  Phoenix  
  46  4:00  Probe  
  46  4:01  Probe  
  50  4:04  Pylon  
  50  4:09  Observer  
  51  4:12  Probe  
  51  4:14  Probe  
  53  4:23  Phoenix  
  55  4:24  Probe  
  55  4:25  Pylon  
  55  4:26  Probe  
  55  4:27  Shield Battery  
  57  4:32  Observer  
  57  4:36  Probe  
  57  4:38  Probe  
  60  4:42  Robotics Bay  
  60  4:48  Probe  
  60  4:49  Pylon  
  60  4:50  Probe, Pylon  
  58  5:00  Probe  
  58  5:02  Probe  
  58  5:10  Shield Battery  
  58  5:13  Immortal (Chrono Boost), Probe  
  59  5:14  Probe  
  59  5:20  Sentry  
  66  5:25  Probe  
  66  5:26  Probe  
  66  5:27  Pylon  
  66  5:28  Sentry  
  70  5:33  Shield Battery  
  70  5:37  Phoenix  
  72  5:45  Gateway  
  72  5:47  Disruptor (Chrono Boost)  
  75  5:53  Zealot  
  75  5:54  Zealot  
  77  5:58  Shield Battery  
  77  6:08  Probe x2  
  77  6:09  Disruptor (Chrono Boost)  
  74  6:12  Twilight Council  
  74  6:23  Zealot x2  
  72  6:28  Phoenix  
  71  6:37  Pylon  
  75  6:43  Zealot  
  75  6:45  Probe  
  57  6:56  Probe  
  57  6:59  Zealot x2  
Tags
 
Add a new tag
Caveats
  • Supply blocks, unpowered buildings, or Contaminate may cause inaccurate times.
  • Supply counts are checked every 10 seconds.